 Dungeon Crawl Stone Soup version 0.31.0-12-g77e489cdc1 (webtiles) character file.

Game seed: 50858205986204269

625 PriceMaster the Magician (level 7, -6/70 HPs)
             Began as an Oni Air Elementalist on Feb 27, 2024.
             Shot with an arrow by a centaur (17 damage)
             ... on level 4 of the Dungeon.
             The game lasted 00:07:17 (4425 turns).

PriceMaster the Magician (Oni Air Elementalist)     Turns: 4425, Time: 00:07:18

Health: -6/70      AC:  3    Str: 15    XL:     7   Next: 47%
Magic:  7/14       EV: 10    Int: 16    God:
Gold:   173        SH:  5    Dex: 15    Spells: 5/15 levels left

rFire   + . .        g - +0 flail
rCold   + + .        (no shield)
rNeg    . . .        a - +0 robe
rPois   +            (helmet restricted)
rElec   +            (no cloak)
rCorr   +            (gloves unavailable)
SInv    .            (boots unavailable)
Will    .....        w - amulet of reflection
Stlth   +++          i - ring "Beomahaf" {rC+ Dex+6 Stlth+}
HPRegen 0.31/turn    (no ring)
MPRegen 0.14/turn

%: reflection
@: resistant, very slightly contaminated
A: large, unfitting armour, horns 1, tough skin 1, double potion healing,
drunken brawling
a: no special abilities


You were on level 4 of the Dungeon.
You visited 1 branch of the dungeon, and saw 4 of its levels.

You collected 173 gold pieces.

Inventory:

Hand Weapons
 c - a +0 club
 g - a +0 flail (weapon)
 u - a +0 glaive
Armour
 a - a +0 robe (worn)
 f - a +0 leather armour
Jewellery
 i - the ring "Beomahaf" (left hand) {rC+ Dex+6 Stlth+}
   (You acquired it on level 2 of the Dungeon)

   [ring of dexterity]

   Dex+6:     It affects your dexterity (+6).
   rC+:       It protects you from cold.
   Stlth+:    It makes you more stealthy.
 w - an amulet of reflection (around neck)
Talismans
 d - a talisman of death
Wands
 j - a wand of roots (2)
 s - a wand of flame (18)
 x - a wand of polymorph (10)
Scrolls
 h - a scroll of torment
 l - 3 scrolls of identify {unknown}
 m - 2 scrolls of enchant weapon {unknown}
 p - a scroll of poison {unknown}
 r - 2 scrolls of teleportation {unknown}
 t - a scroll of noise {unknown}
 v - a scroll of amnesia {unknown}
Potions
 e - 2 potions of cancellation {unknown}
 k - a potion of mutation {unknown}
 n - a potion of resistance
 o - a potion of brilliance {unknown}
 q - a potion of heal wounds {unknown}


   Skills:
 * Level 4.3 Fighting
 + Level 2.6 Maces & Flails
 + Level 2.3 Dodging
 + Level 2.4 Stealth
 - Level 0.4 Unarmed Combat
 * Level 4.7 Spellcasting
 + Level 2.1 Conjurations
 + Level 3.8 Air Magic
 + Level 0.2 Evocations


You had 5 spell levels left.
You knew the following spells:

 Your Spells              Type           Power      Damage    Failure   Level
a - Shock                 Conj/Air       52%        1d6       4%          1
b - Static Discharge      Conj/Air       26%        3-5/arc   7%          2
c - Swiftness             Air            16%        N/A       10%         3
d - Airstrike             Air            8%         2d(2-18)  32%         4

Your spell library contained the following spells:

 Spells                   Type           Power      Damage    Failure   Level
 Frozen Ramparts          Ice            6%         1d1       43%         3
 Leda's Liquefaction      Alch/Erth      1%         N/A       83%         4
 Petrify                  Alch/Erth      3%         N/A       83%         4
 Metabolic Englaciation   Hex/Ice        1%         N/A       99%         5


Dungeon Overview and Level Annotations

Branches:
Dungeon (4/15)
 Temple: D:4-7

Altars:
Vehumet
Xom


Innate Abilities, Weirdness & Mutations

You are too large for most types of armour.
You have a pair of small horns on your head.
You have tough skin. (AC +1)
You gain doubled healing and magic from potions.
Whenever you drink a healing potion, you attack all around you.


Message History

You start to feel a little faster.
You start resting.
You no longer feel sluggish.
You start resting.
Magic restored.
You start resting.
A centaur is nearby!
A centaur is nearby!
Casting: Airstrike (dangerous; 32% risk of failure)
Confirm with . or Enter, or press ? or * to list all spells.
Aiming: Airstrike (dangerous; 32% risk of failure)
Press: ? - help, Dir - move target, f - centaur
Aim: a centaur, wielding a +0 orcbow (wandering, hasn't noticed you, empty space bonus: 4/8)
You miscast Airstrike.
You are very lightly contaminated with residual magic.
Electricity courses through your body!
The centaur shouts!
The centaur shoots an arrow.
The arrow hits you.
Casting: Airstrike (dangerous; 32% risk of failure)
Confirm with . or Enter, or press ? or * to list all spells.
Aiming: Airstrike (dangerous; 32% risk of failure)
Press: ? - help, Dir - move target, f/p - centaur
Aim: a centaur, wielding a +0 orcbow (empty space bonus: 4/8)
You miscast Airstrike.
You are blasted with air.
The centaur shoots an arrow.
The arrow hits you!
* * * LOW HITPOINT WARNING * * *
The centaur shoots an arrow.
The arrow barely misses you.
An iguana and an adder come into view.
The adder hisses angrily.
The centaur shoots an arrow.
The arrow hits you!
* * * LOW HITPOINT WARNING * * *
Okay, then.
Casting: Airstrike (dangerous; 32% risk of failure)
Confirm with . or Enter, or press ? or * to list all spells.
Okay, then.
It was a potion of resistance.
You feel protected.
The iguana hisses angrily.
The centaur shoots an arrow.
The arrow hits you!
You die...

#.###......#..#........#..#
##...###...##.##.......##.###
#..#...###. ...........#.....
##.)......#####...###..##.....
#..#..#.#...#.###. #..#..†...
##..#....#..##...### ..##...<..
#........#..#..#...###.#......<
###........#.##....#S..#
###..... .....###..#..#..@...##
#..... o###....##..##.......#
#..... ..<###c...).#..#.....#
#..... ..).<###..)##c.#l...#..#
#..... ...o.# ###.)...##......#
+..... ..o)... #####...#.#..##
..... #.#....# ###...#..#
###go## ##...## c.. #.


You could see a centaur, an iguana and an adder.

Vanquished Creatures
  Sigmund (D:3)
  4 crimson imps (D:3)
  A hound (D:4)
  3 orc priests (D:4)
  Jessica (D:3)
  2 gnolls
  8 adders
  A dart slug (D:2)
  A ribbon worm (D:3)
  5 orcs
  4 bats
  7 endoplasms
  6 giant cockroaches
  6 goblins
  5 hobgoblins
  3 jackals (D:3)
  8 kobolds
  2 quokkas
  10 ball pythons
  3 frilled lizards
  5 rats
86 creatures vanquished.

Notes
Turn   | Place    | Note
-------+----------+-------------------------------------------
     0 | D:1      | PriceMaster the Oni Air Elementalist began the quest for
                  | the Orb.
     0 | D:1      | Reached XP level 1. HP: 16/16 MP: 3/3
   571 | D:1      | Reached XP level 2. HP: 24/24 MP: 3/5
   574 | D:1      | Learned a level 2 spell: Static Discharge
   749 | D:1      | Reached skill level 1 in Conjurations
   793 | D:1      | Reached XP level 3. HP: 32/32 MP: 0/7
  1485 | D:2      | Learned a level 3 spell: Swiftness
  1833 | D:2      | Reached skill level 1 in Fighting
  2167 | D:2      | Identified a scroll of acquirement
  2167 | D:2      | Acquired the ring "Beomahaf" {rC+ Dex+6 Stlth+}
  2261 | D:2      | Reached XP level 4. HP: 41/41 MP: 8/8
  2350 | D:2      | Reached skill level 1 in Maces & Flails
  2650 | D:3      | Noticed Sigmund
  2659 | D:3      | Killed Sigmund
  2660 | D:3      | Reached XP level 5. HP: 35/52 MP: 3/10
  2660 | D:3      | Reached XP level 6. HP: 40/59 MP: 3/11
  2752 | D:3      | Noticed Jessica
  2759 | D:3      | Killed Jessica
  2938 | D:3      | Found a shimmering altar of Xom.
  3126 | D:3      | Reached XP level 7. HP: 62/67 MP: 3/13
  3460 | D:3      | Learned a level 4 spell: Airstrike
  3468 | D:3      | Identified the +0 chain mail "Daecsuco" {rF+ Dex+3}
  3479 | D:3      | Found a radiant altar of Vehumet.
  4425 | D:4      | Shot with an arrow by a centaur

Illustrated notes

Levels and vault maps discovered:
D:1:      dpeg_arrival_pits, layout_basic, corexii_corridor_pit
D:2:      layout_loops_ring, minmay_snake_closets
D:3:      layout_loops_cross, mainiacjoe_overflow_six_doors_small, led_xom_imps,
          uniq_jessica, uniq_sigmund
D:4:      minmay_skewed_foursquare, layout_gridville, grunt_dithmenos_smoke,
          old_standard_altar, nrook_loot_triangle,
          minmay_fractal_squares_diagonal_5

Skill      XL: |  1  2  3  4  5  6  7 |
---------------+----------------------+-----
Conjurations   | 1 2 |  2.1
Air Magic      | 3 |  3.8
Spellcasting   | 3 4 |  4.7
Dodging        | 2 |  2.3
Fighting       | 1 2 3 4 |  4.3
Maces & Flails | 2 |  2.6
Stealth        | 2 |  2.4
Unarmed Combat | |  0.4
Evocations     | |  0.2

Action                     |  1- 3 |  4- 6 |  7- 9 || total
---------------------------+-------+-------+-------++-------
  Melee: Unarmed           |    13 |       |       ||    13
         Club              |    16 |       |       ||    16
         Headbutt          |     6 |    16 |     3 ||    25
         Flail             |    39 |    64 |    12 ||   115
   Cast: Shock             |    39 |    20 |    43 ||   102
         Static Discharge  |     5 |     2 |     7 ||    14
         Swiftness         |     1 |     5 |     2 ||     8
         Airstrike         |       |       |     6 ||     6
  Evoke: Wand              |       |     3 |     2 ||     5
    Use: Scroll            |     2 |       |       ||     2
         Potion            |       |       |     2 ||     2
   Stab: Sleeping          |     3 |     8 |     1 ||    12
         Distracted        |       |     1 |       ||     1
 Armour: Robe              |    66 |    48 |    28 ||   142
  Dodge: Dodged            |    34 |    39 |    18 ||    91
  Block: Other             |       |       |     7 ||     7
         Form:             |     1 |       |       ||     1
         Death             |     1 |       |       ||     1
